Cogmind - Beta 13 X1 @@@ ROGUE MODE // 2023.11.07 @ 01:23:36 // Winter2019/RPGLIKE Player: ArabianSandBoa Result: Destroyed by G-47 Trooper with Particle Gun Performance ------------- Evolutions (3) 1500 Regions Visited (5) 1000 Robots Destroyed (126) 630 Value Destroyed (3421) 3421 Prototype IDs (17) 340 Alien Tech Used (0) 0 Bonus (-399) -399 TOTAL SCORE: 6492 Bonus ------- High Alert Combat Kills 158 Follower Combat Kills 129 Friendly Fire -686 Cogmind --------- Core Integrity 0/900 Matter 50/300 Energy 331/331 System Corruption 0% Temperature Cool (9) Movement Treading (248) Ox4 Location -7/Factory Parts ------- > --- POWER (1) -------- Multi-Ion Engine > --- PROPULSION (4) --- Treaded Gravmag-Armored Exoskeleton > --- UTILITY (6) ------ Armored Scrap Engine Humpback Cobbler Unit > --- WEAPON (3) ------- Subdweller Shrapnel Launcher KE Gauss Construct/G Makeshift Hammer > --- INVENTORY (33) --- Authchip [R/NC] Authchip [R/Combat] Authchip [R/Combat] Authchip [R/Combat] Authchip [Power] Authchip [Propulsion] Authchip [Propulsion] Authchip [Processor] Authchip [Processor] Authchip [Armor] Authchip [Weapon] High-powered Tractor Beam Recalibrator Heavy Riot Gun Battle Rifle Subdweller Shrapnel Launcher Multitool Peak State ------------ > --- POWER ------------ Multi-Ion Engine > --- PROPULSION ------- Arachnoskeleton Treaded Gravmag-Armored Exoskeleton > --- UTILITY ---------- Armored Scrap Engine Cobbler Unit > --- WEAPON ----------- Battle Cannon Subdweller Shrapnel Launcher Shotgun Thermic Construct/G > --- INVENTORY -------- (None) [Rating: 56] Favorites ----------- Power Constructs Engine Constructs Propulsion Flight Unit Treads Constructs Leg Arachnoskeleton Wheel Subdweller Monowheel Flight Unit Flight Unit Utility Armored Scrap Engine Device Armored Scrap Engine Storage Humpback Processor Rainbow Chip Protection Propulsion Shielding Weapon Subdweller Machine Gun Energy Gun Constructs Energy Cannon Subdweller Beam Cannon Ballistic Gun Subdweller Machine Gun Ballistic Cannon Battle Cannon Launcher Subdweller Shrapnel Launcher Special Weapon Multitool Impact Weapon Makeshift Hammer Build | -11 -10 -10 -10 -9 -7 ------- Run | Jun Mat Min Sub Rec Fac Slots Evolved 10 | 3 1 2 . 2 2 Power . | . . . . . . Propulsion 3 | 1 1 1 . . . Utility 5 | 1 . . . 2 2 Weapon 2 | 1 . 1 . . . Parts Attached 73 | 9 13 5 35 6 5 Power 3 | . 1 . 2 . . Engine 3 | . 1 . 2 . . Core . | . . . . . . Reactor . | . . . . . . Propulsion 18 | 5 3 1 9 . . Treads . | . . . . . . Leg 1 | . . . 1 . . Wheel 10 | 5 . . 5 . . Hover . | . . . . . . Flight 7 | . 3 1 3 . . Utility 21 | 2 3 1 11 3 1 Device 11 | 2 1 1 4 2 1 Storage 3 | . . . 2 1 . Processor 2 | . . . 2 . . Hackware . | . . . . . . Protection 5 | . 2 . 3 . . Artifact . | . . . . . . Weapon 31 | 2 6 3 13 3 4 Energy Gun 5 | 2 . . 3 . . Energy Cannon 1 | . . . 1 . . Ballistic Gun 12 | . 3 2 6 1 . Ballistic Cannon 4 | . 2 . 2 . . Launcher 6 | . 1 1 1 1 2 Special Weapon 1 | . . . . 1 . Impact Weapon 2 | . . . . . 2 Slashing Weapon . | . . . . . . Piercing Weapon . | . . . . . . Special Melee Weapon . | . . . . . . Unidentified Prototypes . | . . . . . . Parts Lost 1 | . . . . 1 . Power . | . . . . . . Propulsion 1 | . . . . 1 . Utility . | . . . . . . Weapon . | . . . . . . Highest Loss Streak 1 | . . . . 1 . To Critical Strikes . | . . . . . . Average Slot Usage (%) 66 | . 99 100 70 48 53 Engine 5 | . 12 10 6 1 5 Core 3 | . . . . 6 1 Treads 1 | . . . . 3 7 Leg 2 | . . . 5 2 . Wheel 4 | . 8 . 5 2 . Flight 12 | . 26 39 15 2 . Device 8 | . 16 10 1 8 13 Storage 3 | . . . 3 4 7 Processor 1 | . . . 4 . . Protection 2 | . 8 10 1 . . Energy Gun 1 | . 4 . 1 1 . Ballistic Gun 8 | . 14 22 13 1 4 Ballistic Cannon 5 | . 4 . 2 7 2 Launcher 4 | . 2 7 5 2 8 Naked Turns . | . . . . . . Heaviest Build 239 | 9 13 15 40 211 239 Greatest Support 60 | 26 20 21 60 60 47 Greatest Overweight (x) 5 | . 1 . 1 5 5 Average Overweight (x) . | . . . . 2 4 Largest Inventory Capacity 33 | 1 2 2 2 33 33 Average Capacity 11 | . 1 2 2 20 33 Most Carried 20 | 1 2 2 2 19 20 Average Carried 4 | . 1 1 1 5 17 Final Capacity 33 | 1 2 2 2 33 33 Final Carried 19 | 1 2 2 2 19 17 Scrap Engine Consumption 62 | . . . . 56 6 Constructs Created 4 | . . . . 4 . Constructs Modified 16 | . . . . 14 2 Class Distribution -------------------- 31% | Hauler-Construct 16% | Scavenger-Gunner 13% | Mutant 10% | Scavenger-Mutant 7% | Scavenger-Sprinter 6% | Commander-Construct 6% | Subdweller-Mutant 3% | Subdweller-Gunner Dominant Class ---------------- Scavenger-Mutant | -10/Materials Scavenger-Sprinter | -10/Mines Scavenger-Gunner | -10/Subcaves Hauler-Construct | -9/Recycling Hauler-Construct | -7/Factory Resources | -11 -10 -10 -10 -9 -7 ----------- Run | Jun Mat Min Sub Rec Fac Matter Collected 3983 | 290 754 348 1130 1401 60 Remotely 302 | . . 32 270 . . Salvage Created 4189 | 186 1280 373 549 1684 117 Parts 224 | 12 81 28 52 48 3 Haulers Intercepted 2 | . 2 . . . . Recyclers Shooed 12 | 1 3 2 . 6 . Parts Field Recycled . | . . . . . . Retrieved Matter . | . . . . . . Parts Self-Destructed 12 | . . . 12 . . Prevented . | . . . . . . Kills | -11 -10 -10 -10 -9 -7 ------- Run | Jun Mat Min Sub Rec Fac Combat Hostiles Destroyed 79 | . 29 8 28 10 4 Melee 1 | . . . . . 1 Guns 33 | . 17 4 11 1 . Cannons 21 | . 6 . 6 9 . AOE 24 | . 6 4 11 . 3 Classes Destroyed 18 | 3 6 . 4 4 1 Worker 8 | 2 3 3 . . . Builder 7 | . 3 1 . 2 1 Tunneler 7 | 4 1 1 . . 1 Hauler 2 | . 2 . . . . Recycler 21 | 1 3 2 . 15 . Operator 3 | . 3 . . . . Turret 2 | . . . 2 . . Watcher 3 | . 3 . . . . Swarmer 13 | . 3 6 4 . . Grunt 32 | . 26 2 . 1 3 Protector 1 | . . . . . 1 Sentry 7 | . . . . 6 1 Demolisher 1 | . . . . 1 . Hunter 1 | . . . . 1 . Programmer 1 | . . . . 1 . Artisan 1 | . . . 1 . . Cobbler 1 | . . . 1 . . Subdweller 24 | . . . 24 . . Thug 1 | . . 1 . . . Best Kill Streak 8 | 3 6 6 6 8 3 Combat Bots Only 5 | . 3 3 5 4 3 Max Kills in Single Turn 3 | 1 2 2 3 1 2 Gunslinging . | . . . . . . Exploded 3 | . 2 2 3 . 1 Melee 1 | . . . . . 1 Uniques/NPCs Destroyed . | . . . . . . Combat | -11 -10 -10 -10 -9 -7 -------- Run | Jun Mat Min Sub Rec Fac Damage Taken 3120 | . 491 202 1511 321 595 Core 2498 | . 389 152 1228 258 471 Absorbed by Shields 60 | . . . . 12 48 Redirected to Core 1976 | . 279 108 943 220 426 Redirected to Shielding 32 | . 15 17 . . . Regen/Repaired (Parts) 40 | . . . . 36 4 Core Remaining (%) 70 | 100 . . . 40 . Volleys Fired 413 | 18 135 35 92 126 7 Largest 3 | 2 2 3 3 3 3 Hottest 141 | 100 100 60 140 99 141 Shots Fired 691 | 24 241 70 186 157 13 Gun 407 | 24 168 55 120 37 3 Cannon 211 | . 44 . 47 120 . Launcher 73 | . 29 15 19 . 10 Special . | . . . . . . Kinetic 500 | . 154 55 129 149 13 Thermal 132 | 24 58 . 42 8 . Explosive 59 | . 29 15 15 . . Electromagnetic . | . . . . . . Robot Hit Streak 18 | 5 18 12 15 17 14 Robot Miss Streak 4 | 2 3 4 2 2 2 Penetration Max 1 | . . . 1 . . Secondary Targets . | . . . . . . Shots Hit Robots 395 | 14 151 41 103 78 8 Core Hits 197 | 8 85 22 41 32 9 Critical Kills 4 | . . . 3 . 1 Critical Parts Destroyed 2 | . . 1 1 . . Critical Strikes 23 | 3 6 1 8 4 1 Burn 8 | 3 5 . . . . Destroy 9 | . . 1 8 . . Blast 5 | . 1 . . 4 . Smash 1 | . . . . . 1 Melee Attacks 2 | . . . . . 2 Impact 2 | . . . . . 2 Slashing . | . . . . . . Piercing . | . . . . . . Sneak Attacks . | . . . . . . Combat Hostiles . | . . . . . . Follow-up Attacks . | . . . . . . Damage Inflicted 10171 | 175 2137 963 4251 1787 858 Guns 4122 | 175 1271 480 1562 580 54 Cannons 2213 | . 365 . 641 1207 . Explosions 3790 | . 501 483 2048 . 758 Melee 46 | . . . . . 46 Ramming . | . . . . . . Kinetic 6146 | . 1024 480 2159 1671 812 Thermal 1573 | 175 612 . 670 116 . Explosive 2406 | . 501 483 1422 . . Electromagnetic . | . . . . . . Impact 46 | . . . . . 46 Slashing . | . . . . . . Piercing . | . . . . . . Highest Corruption . | . . . . . . Average Corruption . | . . . . . . Corruption Purged . | . . . . . . Corruption Blocked . | . . . . . . Overload Shots . | . . . . . . Overflow Damage 237 | . 4 31 47 60 95 Projectiles 77 | . . . 17 60 . Explosions 160 | . 4 31 30 . 95 Melee . | . . . . . . Knockbacks 12 | . 2 . 4 6 . Impact . | . . . . . . Kinetic 12 | . 2 . 4 6 . Secondary . | . . . . . . Self-Inflicted Damage 311 | . 32 77 94 . 108 Shots 10 | . 2 2 4 . 2 Rammed . | . . . . . . Targets Rammed . | . . . . . . Kicked . | . . . . . . Crushed . | . . . . . . Highest Temperature 129 | 78 71 . . . 129 Average Temperature 35 | 26 29 . . . 79 Received Heat Transfer 787 | . 216 48 270 45 208 Siege Activations . | . . . . . . Robots Corrupted . | . . . . . . Combat Hostiles . | . . . . . . Parts Fried . | . . . . . . Impact Corruptions . | . . . . . . Robots Melted . | . . . . . . Combat Hostiles . | . . . . . . Parts Melted 7 | . 6 . 1 . . Heat Transferred 3836 | 740 2183 . 858 55 . Parts Sabotaged . | . . . . . . Parts Stolen . | . . . . . . Parts Stripped . | . . . . . . Power Chain Reactions . | . . . . . . Missiles Intercepted . | . . . . . . Alert | -11 -10 -10 -10 -9 -7 ------- Run | Jun Mat Min Sub Rec Fac Peak Influence 822 | 35 674 739 . 247 822 Initial 642 | . 22 262 . 165 642 Average 200 | 14 221 562 . 108 711 Maximum Alert Level 3 | . 2 3 . 1 3 Low Security (%) 66 | 100 49 . . 86 . Level 1 18 | . 44 8 . 13 . Level 2 9 | . 5 72 . . 42 Level 3 4 | . . 19 . . 57 Level 4 . | . . . . . . Level 5 . | . . . . . . High Security . | . . . . . . Max Security . | . . . . . . Squads Dispatched 12 | . 10 . . . 2 Investigation 7 | . 7 . . . . Extermination . | . . . . . . Reinforcement 4 | . 3 . . . 1 Assault 1 | . . . . . 1 Garrison . | . . . . . . Intercept . | . . . . . . Searches Triggered . | . . . . . . Construction Impeded . | . . . . . . Haulers Reinforced 1 | . . . . . 1 Active Scanning Responses . | . . . . . . Cargo Convoy Interrupts . | . . . . . . Stealth | -11 -10 -10 -10 -9 -7 --------- Run | Jun Mat Min Sub Rec Fac Distress Signals 2 | . 1 . . 1 . Communications Jammed . | . . . . . . Distress Signals . | . . . . . . Times Spotted 114 | . 37 7 50 12 8 Peak Tracking Total 7 | . 4 3 7 5 5 Tactical Retreats 3 | . 1 1 1 . . Traps | -11 -10 -10 -10 -9 -7 ------- Run | Jun Mat Min Sub Rec Fac Traps Triggered 4 | . 2 . 2 . . Indirectly . | . . . . . . Trap Hack Attempts . | . . . . . . Triggered . | . . . . . . Disarmed . | . . . . . . Reprogrammed . | . . . . . . Reused . | . . . . . . Traps Extracted . | . . . . . . Installed 4 | . . 4 . . . Triggered . | . . . . . . Machines | -11 -10 -10 -10 -9 -7 ---------- Run | Jun Mat Min Sub Rec Fac Machines Disabled 57 | . 16 11 5 20 5 Max in Single Turn 3 | . 2 3 3 1 3 Garrison Access 1 | . . . . . 1 Machines Repaired . | . . . . . . Machines Sabotaged 1 | . . . . 1 . Overloaded Fab Kills . | . . . . . . Hacking | -11 -10 -10 -10 -9 -7 --------- Run | Jun Mat Min Sub Rec Fac Machines Accessed 26 | . 10 . 2 12 2 Terminals 14 | . 7 . . 6 1 Fabricators . | . . . . . . Repair Stations 2 | . 1 . . . 1 Recycling Units 8 | . 2 . . 6 . Scanalyzers . | . . . . . . Garrison Access . | . . . . . . Total Hacks 114 | . 42 . 11 51 10 Successful 70 | . 20 . 11 32 7 Failed 44 | . 22 . . 19 3 Catastrophic 7 | . 5 . . 2 . Database Lockouts . | . . . . . . Manual 50 | . 32 . . 16 2 Terminals 67 | . 32 . . 26 9 Fabricators . | . . . . . . Repair Stations 6 | . 5 . . . 1 Recycling Units 30 | . 5 . . 25 . Scanalyzers . | . . . . . . Garrison Access . | . . . . . . Terminal Hacks 36 | . 8 . 11 10 7 Record 14 | . . . 10 2 2 Robot Analysis 1 | . . . . 1 . Prototype ID Bank 2 | . . . . 2 . Branch Access Points 5 | . 2 . . 2 1 Terminal Index 1 | . . . . 1 . Fabricator Index 1 | . . . . 1 . Alert Level 3 | . 2 . . . 1 Unreport Threat 4 | . 2 . . 1 1 Locate Traps 1 | . 1 . . . . Transport Status 1 | . . . . . 1 Zone Layout 2 | . 1 . . . 1 Derelict Proto ID Bank 1 | . . . 1 . . Fabricator Hacks . | . . . . . . Repair Station Hacks 2 | . 2 . . . . Refit 2 | . 2 . . . . Recycling Unit Hacks 18 | . 2 . . 16 . Report Inventory 13 | . 2 . . 11 . Retrieve Matter 1 | . . . . 1 . Retrieve Components 4 | . . . . 4 . Scanalyzer . | . . . . . . Garrison Access Hacks . | . . . . . . Unauthorized Hacks 14 | . 8 . . 6 . Terminals 6 | . 5 . . 1 . Botnet 6 | . 5 . . 1 . Fabricators . | . . . . . . Repair Stations . | . . . . . . Recycling Units 8 | . 3 . . 5 . Reject 1 | . 1 . . . . Tunnel 7 | . 2 . . 5 . Scanalyzers . | . . . . . . Garrison Access . | . . . . . . Data Cores Recovered . | . . . . . . Used . | . . . . . . Hacking Detections 16 | . 8 . . 7 1 Full Trace Events 13 | . 6 . . 7 . Feedback Events . | . . . . . . Feedback Blocked . | . . . . . . Robot Schematics Acquired . | . . . . . . Robots Built . | . . . . . . Authchips . | . . . . . . Time . | . . . . . . Total Robot Build Rating . | . . . . . . Part Schematics Acquired . | . . . . . . Parts Built . | . . . . . . Authchips . | . . . . . . Time . | . . . . . . Total Part Build Rating . | . . . . . . Parts Repaired . | . . . . . . Time . | . . . . . . Parts Recycled . | . . . . . . Recycled Matter . | . . . . . . Retrieved Matter 108 | . . . . 108 . Retrieved Components 25 | . . . . 25 . Parts Scanalyzed . | . . . . . . Part Schematics Acquired . | . . . . . . Parts Damaged . | . . . . . . Bothacking | -11 -10 -10 -10 -9 -7 ------------ Run | Jun Mat Min Sub Rec Fac Used RIF Installer . | . . . . . . Robots Hacked . | . . . . . . Non-combat . | . . . . . . Combat . | . . . . . . Robot Hacks Applied . | . . . . . . Relay Couplers Released . | . . . . . . Fabnet Peak Effective % . | . . . . . . Robots Rewired 12 | . . . . 12 . Allies Hacked . | . . . . . . Hacks Repelled . | . . . . . . Allies | -11 -10 -10 -10 -9 -7 -------- Run | Jun Mat Min Sub Rec Fac Total Allies 15 | . . 3 . 12 . Largest Group 9 | . . 3 . 9 9 Highest-Rated Group 171 | . . 40 . 171 171 Highest-Rated Ally 34 | . . 16 . 34 34 Total Orders . | . . . . . . Ally Attacks 9 | . . . . 4 5 Total Damage 877 | . . . . 534 343 Kills 7 | . . . . 5 2 Allies Corrupted . | . . . . . . Allies Melted . | . . . . . . Intel | -11 -10 -10 -10 -9 -7 ------- Run | Jun Mat Min Sub Rec Fac Robot Analysis Total 1 | . . . . 1 . Derelict Logs Recovered 3 | . . 1 2 . . Drone Launches . | . . . . . . Drone Recoveries . | . . . . . . Exploration | -11 -10 -10 -10 -9 -7 ------------- Run | Jun Mat Min Sub Rec Fac Turns Passed 9968 | 142 1523 676 2656 4634 337 Spaces Moved 6548 | 84 1495 1088 2074 1701 106 Core . | . . . . . . Treads 668 | . . . . 562 106 Legs 2343 | 13 . . 1731 599 . Wheels 1000 | 71 323 . 93 513 . Hover 27 | . . . . 27 . Flight 2510 | . 1172 1088 250 . . Fastest Speed 31 | 80 34 31 31 90 248 Average Speed 97 | 91 43 31 84 190 267 Slowest Speed 309 | 120 122 34 120 309 286 Overloaded Moves . | . . . . . . Propulsion Burnouts . | . . . . . . Robots Hopped 9 | . 1 8 . . . Cave-ins Triggered . | . . . . . . Exploration Rate (%) 66 | 4 99 99 95 99 3 Regions Visited 5 Branch Regions 3 Pre-discovered Areas 10 | . 2 1 2 5 . Known Exits Taken 1 | . 1 . . . . Unknown Exits Taken 4 | 1 . 1 1 1 . Scrap Searched 8 | . . 1 7 . . Spaces Dug 17 | . . . 17 . . Terrain Destroyed 500 | . 181 92 152 11 64 Melee . | . . . . . . Projectile 31 | . . . 20 11 . AOE 469 | . 181 92 132 . 64 Terrain Rammed . | . . . . . . Walls Destroyed . | . . . . . . Machines Disabled . | . . . . . . Actions | -11 -10 -10 -10 -9 -7 --------- Run | Jun Mat Min Sub Rec Fac Total 9532 | 123 2143 1363 2818 2940 145 Wait 2131 | 7 444 219 521 919 21 Move 6525 | 83 1492 1071 2073 1700 106 Hop 9 | . 1 8 . . . Pick Up 50 | 3 12 7 8 19 1 Fast Attach 44 | 4 9 2 26 3 . Attach 14 | 2 . 1 5 3 3 Detach 5 | . . . 3 1 1 Swap 15 | 3 4 2 4 . 2 Drop 89 | 3 20 7 36 22 1 Fire 413 | 18 135 35 92 126 7 Melee 2 | . . . . . 2 Ram . | . . . . . . Kick . | . . . . . . Crush . | . . . . . . Escape Stasis . | . . . . . . Rewire 141 | . . . . 141 . Trap 4 | . . 4 . . . Miscellaneous 90 | . 26 7 50 6 1 Route ------- -11/Junkyard -10/Materials (discovered 6 exits: [*Mat x3] / *Min x2 / *Sub) -10/Mines (discovered 4 exits: [*Mat x2] / [*Exi] / *Sub) -10/Subcaves (discovered 3 exits: [*Mat x2] / *Rec) -9/Recycling -7/Factory (discovered 2 exits: Low x2) History --------- Turn | Location | Event 5 | -11/Junkyard | Discovered new exit (range 1) 44 | -11/Junkyard | Upgraded with Propulsion slot (x1) 44 | -11/Junkyard | Upgraded with Utility slot (x1) 44 | -11/Junkyard | Upgraded with Weapon slot (x1) 143 | -11/Junkyard | Entered Materials 218 | -10/Materials | Discovered new exit (range 12) 220 | -10/Materials | Identified exit to Mines 314 | -10/Materials | Build established: Mutant 357 | -10/Materials | Discovered new exit (range 16) 580 | -10/Materials | Reached level 2 590 | -10/Materials | Upgraded with Propulsion slot (x1) 707 | -10/Materials | Discovered new exit (range 9) 748 | -10/Materials | Discovered new exit (range 11) 772 | -10/Materials | Discovered new exit (range 12) 903 | -10/Materials | Build established: Scavenger-Mutant 1275 | -10/Materials | Reached level 3 1576 | -10/Materials | Reached level 4 1666 | -10/Materials | Entered Mines 1668 | -10/Mines | Reached level 5 1671 | -10/Mines | Upgraded with Propulsion slot (x1) 1677 | -10/Mines | Upgraded with Weapon slot (x1) 1680 | -10/Mines | Met a Derelict bent on vengeance 1696 | -10/Mines | Discovered new exit (range 5) 1697 | -10/Mines | Learned location of Storage (-9) 1708 | -10/Mines | Found a hidden stash of uninstalled traps 1745 | -10/Mines | Received a Rocket Launcher from a helpful Derelict 1758 | -10/Mines | Discovered new exit (range 16) 1843 | -10/Mines | Deemed a non-threat by the Exiles lab entrance 1844 | -10/Mines | Discovered new exit (range 5) 1852 | -10/Mines | Assisted by bots powering up and referring to "LRC-V3" 1898 | -10/Mines | Learned Materials stockpile data 1903 | -10/Mines | Discovered new exit (range 16) 1973 | -10/Mines | Build established: Scavenger-Sprinter 2342 | -10/Mines | Entered Subcaves 2344 | -10/Subcaves | Reached level 6 2360 | -10/Subcaves | A swath of the cavern ceiling suddenly collapsed 2472 | -10/Subcaves | Ambushed by swarm of Subdwellers 2475 | -10/Subcaves | Ambushed by Subdwellers from Twisted Machinery 2475 | -10/Subcaves | Ambushed by Subdwellers from Twisted Machinery 2480 | -10/Subcaves | Ambushed by Subdwellers from Twisted Machinery 2485 | -10/Subcaves | Core integrity fell below 50% 2603 | -10/Subcaves | Visited 4L-MR0's lab 2619 | -10/Subcaves | Found Arachnoskeleton 2620 | -10/Subcaves | Attached Arachnoskeleton, gained temporary slots: Propulsion x3 2797 | -10/Subcaves | Learned location of Zion (-6) 2839 | -10/Subcaves | A Subdweller sparked back to life 2839 | -10/Subcaves | A Subdweller sparked back to life 2839 | -10/Subcaves | A Subdweller sparked back to life 2874 | -10/Subcaves | Core integrity fell below 20% 2897 | -10/Subcaves | Found Rainbow Chip 2898 | -10/Subcaves | Attached Rainbow Chip, gained temporary slots: Power, Propulsion, Utility, Weapon 2984 | -10/Subcaves | Disturbed a concealed Subdweller 3197 | -10/Subcaves | Build established: Scavenger-Gunner 3401 | -10/Subcaves | Discovered new exit (range 9) 3488 | -10/Subcaves | Shifting Twisted Machinery released Sub. Machine Gun 3515 | -10/Subcaves | Discovered new exit (range 15) 4139 | -10/Subcaves | A swath of the cavern ceiling suddenly collapsed 4220 | -10/Subcaves | Shifting Twisted Machinery released Battle Cannon 4579 | -10/Subcaves | Met a Zionite searching for "candidates" 4744 | -10/Subcaves | Discovered new exit (range 14) 4803 | -10/Subcaves | Learned Materials interactive machine intel 4816 | -10/Subcaves | Visited Clippyterm 4998 | -10/Subcaves | Entered Recycling 5000 | -9/Recycling | Reached level 7 5197 | -9/Recycling | Found Scrap Engine 5500 | -9/Recycling | Build established: Mutant 5619 | -9/Recycling | Discovered new exit (range 12) 5901 | -9/Recycling | Reached level 8 6238 | -9/Recycling | Upgraded with Utility slot (x2) 6651 | -9/Recycling | Build established: Commander-Construct 7154 | -9/Recycling | Build established: Hauler-Construct 8844 | -9/Recycling | Reached level 9 9632 | -9/Recycling | Entered Factory 9632 | -7/Factory | Accompanied by 9 allies 9633 | -7/Factory | Core integrity fell below 50% 9634 | -7/Factory | Reached level 10 9653 | -7/Factory | Upgraded with Utility slot (x1) 9653 | -7/Factory | Upgraded with Utility slot (x1) 9738 | -7/Factory | Identified exit to Lower Caves 9769 | -7/Factory | Core integrity fell below 20% 9774 | -7/Factory | Reached level 11 9969 | -7/Factory | Destroyed by G-47 Trooper with Particle Gun Last Messages --------------- 09774_ G-47 Trooper destroyed. 09774_ Recycling Unit disabled. 09774_ Imp. Cryofiber Web tumbles out of recycling unit. 09777_ G-47 Trooper destroyed. 09778_ Cobbler Unit puts together Battle Rifle. 09778_ The unstable cave ceiling collapses. 09780_ Y-54 Guardian destroyed. 09783_ The unstable cave ceiling collapses. 09791_ Used Protomatter to restore core integrity (+18, depleted) 09801_ Acquired 60 matter. 09805_ Protomatter-1 decays. 09811_ The unstable cave ceiling collapses. 09836_ Arm. Scrap Engine consumes Lgt. Treads. 09853_ Arm. Scrap Engine consumes Prototype Energy Gun. 09916_ Connecting with Repair Station... 09944_ C-30 ARC bursts open, deploying its payload. 09944_ G-47 Trooper unfolds itself. 09944_ I-36 Angel unfolds itself. 09963_ G-50 Soldier suffers critical hit (Smash). 09963_ G-50 Soldier destroyed. Map ----- +----------------------------------------------------+ | ????????? # ### """"" # ## | | ????????? # # + | | ????????? # # " ## | | ??########### " #? | | #? # " ## | | # """" """" # # T# | | # """" """" # #"" " # | | # """" """" # # " "# ## | | # """" """" # # " "# | | # # #"" "# | | # """" + %* # | | #!! """" # # | | #!! """" # """ # | | #! """" #"" """ " | | # #"" "" " | | # #G | | # [ "" | | ###########" | | ??????????# | | ??????????# | | ??????????# ###""" "" | | ??????????# # #"## | | ??????????# #### | | ############ #??# | | # """ # # # """ #??# | | # ""R"g@ !=# # """ #???? | | # "" " """%### ### """ #???? | | # """l## #???? | | #= """ # # #???? | | # g# #+#####????? | | # """ """ # ?? | | # """ """ +% T? | | # """ """ # ?? | | # # ##+####### ?? | | # """ """ # #???????????? | | # """ """ ####+####???????????? | | # """ """ #???????????????????? | | # #???????????????????? | | #?? #???????????????????? | | ????########???????????????????? | | ???????????????????????????????? | | ???????????????????????????????? | | ???????????????????????????????? | | ???????????????????????????????? | | ???????????????????????????????? | | ???????????????????????????????? | | ???????????????????????????????? | | ???????????????????????????????? | | ???????????????????????????????? | | ???????????????????????????????? | +----------------------------------------------------+ Best States ------------- Heat Dissipation 43 Energy Generation 15 Energy Capacity 331 Matter Stores 500 Matter Capacity 500 Sight Range 22 Robot Scan Range 2 Terrain Scan Range 16 Terrain Scan Density 310 Armor Coverage 800 Propulsion Shielding 33 Weapon Shielding 33 Evasion (%) 63 Targeting Accuracy 5 Recoil Reduction 4 Authchip Count 11 Item Schematics ----------------- None Robot Schematics ------------------ None Fabricated ------------ Nothing Alien Tech Used ----------------- None Achievements -------------- None Challenges ------------ None RPGLIKE | -11 -10 -10 -10 -9 -7 --------- Run | Jun Mat Min Sub Rec Fac Levels Raised 10 | . 3 1 1 3 2 XP Earned 18607 | 3000 5346 1808 987 4107 3359 XP Spent 16430 | 2970 3010 2700 1805 2650 3295 Upgrades 36 | 9 11 3 5 3 5 Propulsion Slot 3 | 1 1 1 . . . Utility Slot 5 | 1 . . . 2 2 Weapon Slot 2 | 1 . 1 . . . Core Integrity 6 | . . . 3 . 3 Heat Dissipation 3 | 2 1 . . . . Mass Support 2 | . 1 . 1 . . Inventory Capacity 3 | 1 1 . . 1 . Sight Range 1 | . 1 . . . . Sensor Range 1 | . 1 . . . . Terrain Scan Density 3 | . 3 . . . . Ranged Accuracy 3 | 2 1 . . . . KI Damage % 4 | 1 1 1 1 . . Protomatter Created 846 | . 388 60 316 56 26 Integrity Restored 1733 | . 477 125 1014 99 18 Core 1598 | . 389 78 1014 99 18 Parts 135 | . 88 47 . . . Protomatter Decayed 290 | . 118 44 52 56 20 Game ------ Seed RocketControlLeg Manual? 0 Play Time 01:40:16 Cumulative 567.2 hours Start 2023.11.06 @ 23:39:01 End 2023.11.07 @ 01:23:36 Sessions 1 Manual Loads 0 Difficulty Rogue Special Mode Winter2019/RPGLIKE Game No. 582 Rogue 582 Adventurer 0 Explorer 0 Win Type - Total 1 Types 1/0/0/0/0/0/0/0/0 Lore% 69 Gallery% 84 Achievement% 68 Wizard Run 0 Options --------- ASCII 0 Keyboard 0 Movement Mouse Keybinds 0 Fullscreen 2 Font 36/Smallcaps Map View 76x50 Tactical HUD 1 Map Filters NONE Filters NONE Steam X RUN: 5c5000ce-bf08-4c51-93f0-04b1148152cb